 Dungeon Crawl Stone Soup version 0.28-a0-514-g0d7ab7f379 (webtiles) character file.

Game seed: 4255718512038777911

81 Zenkrye the Skirmisher (level 4, -2/37 HPs)
             Began as a Djinni Cinder Acolyte on Sept 22, 2021.
             Was a High Priest of Ignis.
             Slain by Natasha (3 damage)
             ... on level 2 of the Dungeon.
             The game lasted 00:03:30 (1837 turns).

Zenkrye the Skirmisher (Djinni Cinder Acolyte)      Turns: 1837, Time: 00:03:30

Health: -2/37      AC:  2    Str: 13    XL:     4   Next: 67%
Gold:   33         EV: 11    Int: 17    God:    Ignis [*****.] SH:  0 Dex:  8

rFire   + + +      SeeInvis .   a - -1 hand axe (flame)
rCold   x . .      Faith    .   (no shield)
rNeg    . . .      Spirit   .   b - +0 robe
rPois   ∞          Reflect  .   (no helmet)
rElec   .          Harm     .   (no cloak)
rCorr   .          Rampage  .   (no gloves)
Will    .....                   (boots unavailable)
Stlth   +.........              (no amulet)
HPRegen 0.12/turn               (no ring)
MPRegen 0.00/turn               (no ring)

@: flying, very slightly contaminated
A: sickness immunity, fire resistance 2, cold vulnerability 1, float, innate
caster, hp casting, extra vitality 1
a: Renounce Religion, Sea of Fire, Foxfire Swarm, Rising Flame


You were on level 2 of the Dungeon.
You worshipped Ignis.
Ignis was extremely pleased with you.
You visited 1 branch of the dungeon, and saw 2 of its levels.

You collected 33 gold pieces.

Inventory:

Hand Weapons
 a - a -1 hand axe of flaming (weapon)
 g - a +0 hunting sling {@w2}
Missiles
 e - 159 stones (quivered)
 f - 36 sling bullets
Armour
 b - a +0 robe (worn)
 h - a +0 leather armour
Scrolls
 i - a scroll of brand weapon {unknown}
 j - a scroll of identify {unknown}
 k - a scroll of blinking {unknown}
 l - 3 scrolls of immolation {unknown}
Potions
 c - a potion of curing {unknown}
 d - a potion of flight {unknown}


   Skills:
 + Level 3.8 Fighting
 - Level 2.5 Axes
 + Level 1.9 Dodging
 + Level 3.0 Spellcasting


You had 6 spell levels left.
You knew the following spells:

 Your Spells              Type           Power      Damage    Failure   Level
a - Scorch                Fire           24%        2d6       8%          2
b - Pain                  Necr           48%        1d6       4%          1
Your spell library was empty.

Dungeon Overview and Level Annotations

Branches:
Dungeon (2/15)

Altars:

Annotations:
D:2 Natasha


Innate Abilities, Weirdness & Mutations

You are immune to sickness and miasma.
You are immune to poison.
Your flesh is very heat resistant. (rF++)
You are vulnerable to cold. (rC-)
You float through the air rather than walking.
You learn spells naturally, not from books.
Your magical power is your life essence.
You have superior vitality. (+4 HP)


Message History

A quokka comes into view.
Natasha casts a spell at you. The magic dart hits you!
Casting: Scorch (safe; 8% risk of failure)
Confirm with . or Enter, or press ? or * to list all spells.
You miscast Scorch.
You are very lightly contaminated with residual magic.
Nothing appears to happen.
Natasha claws you.
Casting: Scorch (safe; 8% risk of failure)
Confirm with . or Enter, or press ? or * to list all spells.
Flames lash Natasha.
Natasha is burned terribly!
Natasha is almost dead.
The quokka barely misses you. Natasha claws you!
* * * LOW HITPOINT WARNING * * *
Casting: Scorch (safe; 8% risk of failure)
Confirm with . or Enter, or press ? or * to list all spells.
Flames lash the quokka.
You kill the quokka!
* * * LOW HITPOINT WARNING * * *
Natasha claws you!
* * * LOW HITPOINT WARNING * * *
Casting: Scorch (safe; 8% risk of failure)
Confirm with . or Enter, or press ? or * to list all spells.
You don't have enough health to cast this spell.
Your -1 hand axe of flaming bursts into flame!
a - a -1 hand axe of flaming (weapon)
You barely miss Natasha.
Natasha is almost dead.
Natasha barely misses you. x2
You hit Natasha but do no damage.
Natasha is almost dead.
Natasha is no longer more vulnerable to fire.
Natasha casts a spell at you. You resist with some effort.
You barely miss Natasha.
Natasha is almost dead.
Natasha howls an incantation.
You feel disoriented. Natasha claws you.
You die...

#. .# ## #.. .##..
+..# # ..'.. +...#.
..'.. #..#.##..####
#..†h....#..#
#...@....#..#
####''####..#
####### #........#
#...... #........#
#...... #........#
#...... #.>......#
#...... ####.#####
#...... ##.#
###......
#####..#####...#####


You could see Natasha.

Vanquished Creatures
  Natasha (D:2)
  An adder (D:2)
  A worm (D:2)
  3 ball pythons
  5 bats
  3 giant cockroaches
  4 goblins
  3 hobgoblins
  7 jackals
  3 quokkas
  A frilled lizard (D:1)
  3 kobolds (D:1)
  4 rats (D:1)
39 creatures vanquished.

Notes
Turn   | Place    | Note
-------+----------+-------------------------------------------
     0 | D:1      | Zenkrye the Djinni Cinder Acolyte began the quest for the
                  | Orb.
     0 | D:1      | Reached XP level 1. HP: 20/20 MP: 0/0
    44 | D:1      | Reached XP level 2. HP: 24/25 MP: 0/0
   547 | D:1      | Reached XP level 3. HP: 27/30 MP: 0/0
   547 | D:1      | Learned a level 1 spell: Pain
   680 | D:1      | Reached skill level 1 in Dodging
  1351 | D:2      | Reached XP level 4. HP: 31/36 MP: 0/0
  1500 | D:2      | Noticed Natasha
  1509 | D:2      | Killed Natasha
  1829 | D:2      | Noticed Natasha
  1833 | D:2      | HP: 1/37 [Natasha (7)]
  1837 | D:2      | Slain by Natasha

Illustrated notes

Levels and vault maps discovered:
D:1:      dpeg_arrival_morbid_curiosity, layout_rooms
D:2:      layout_rooms, shapermc_ecumenical_altar_acropolis,
          columned_hall_lemuel, kennysheep_generic_room_4, uniq_natasha

Skill      XL: |  1  2  3  4 |
---------------+-------------+-----
Dodging        | 1 |  1.9
Spellcasting   | 3 |  3.0
Fighting       | |  3.8
Axes           | |  2.5

Action                   |  1- 3 |  4- 6 || total
-------------------------+-------+-------++-------
Melee: Hand axe          |    11 |     3 ||    14
 Fire: Hunting sling     |    28 |     8 ||    36
Throw: Stone             |    12 |       ||    12
 Cast: Scorch            |    22 |    12 ||    34
       Pain              |     3 |       ||     3
  Use: Scroll            |     2 |       ||     2
Armor: Robe              |     2 |     1 ||     3
Dodge: Dodged            |    13 |     4 ||    17

Table legend: (Time is in decaauts)
 A = Elapsed time spent in this place.
 B = Non-inter-level travel time spent in this place.
 C = Inter-level travel time spent in this place.
 D = Time resting spent in this place.
 E = Time spent auto-exploring this place.
 F = Levels seen in this place.
 G = Mean time per level.
                   A        B        C        D        E       F      G
               +--------+--------+--------+--------+--------+-----+--------+
         Total |   1846 |   1809 |     37 |    299 |   1304 |   2 |  923.0 |
       Dungeon |   1846 |   1809 |     37 |    299 |   1304 |   2 |  923.0 |
               +--------+--------+--------+--------+--------+-----+--------+

Top non-repeatable levels by time:
     D:1: 1107 daAuts
     D:2: 739 daAuts
